PL
DETROIT RENAISSANCE @ ATHLETIC CLUB KC
09/12/2027
 
TOP OF THE 1ST
Detroit Renaissance batting - Pitching for Athletic Club KC : LHP Bill Oulton
Pitching: LHP Bill Oulton
Batting: LHB Yoichibei Sato 0-0: Ball
1-0: Ball
2-0: Called Strike
2-1: Ground out 4-3 (Groundball, 4)
Batting: RHB Bernardo Herrera 0-0: Ball
1-0: Swinging Strike
1-1: Called Strike
1-2: Strikes out swinging
Batting: RHB Brent Ryan 0-0: Called Strike
0-1: Called Strike
0-2: Ball
1-2: Ball
2-2: Strikes out looking
Top of the 1st over - 0 run(s), 0 hit(s), 0 error(s), 0 left on base; Detroit 0 - Athletic Club KC 0
BOTTOM OF THE 1ST
Athletic Club KC batting - Pitching for Detroit Renaissance : LHP Todd Hines
Pitching: LHP Todd Hines
Batting: RHB Pil-joong Pak 0-0: Ball
1-0: Called Strike
1-1: Foul Ball, location: 2F
1-2: DOUBLE (Line Drive, 7LM)
Batting: SHB Eric Moore 0-0: Ground out 5-3 (Groundball, 56S)
Pil-joong Pak to third
Batting: RHB David Edwards 0-0: Swinging Strike
0-1: Foul Ball, location: 2F
0-2: Ball
1-2: Hit by Pitch
Batting: SHB Pedro Vázquez 0-0: Ball
1-0: Called Strike
1-1: Foul Ball, location: 2F
1-2: Fly out, F7 (Flyball, 78M)
Runner from 3rd tags up, SCORES, no throw
Batting: RHB Dong-min Cho 0-0: Ball
1-0: Called Strike
1-1: Called Strike
1-2: Ball
2-2: Foul Ball, location: 2F
2-2: Foul Ball, location: 2F
2-2: Ball
3-2: Foul Ball, location: 2F
3-2: Strikes out swinging
Bottom of the 1st over - 1 run(s), 1 hit(s), 0 error(s), 1 left on base; Detroit 0 - Athletic Club KC 1
TOP OF THE 2ND
Detroit Renaissance batting - Pitching for Athletic Club KC : LHP Bill Oulton
Batting: LHB Juan González 0-0: Called Strike
0-1: Foul Ball, location: 2F
0-2: Ball
1-2: Strikes out looking
Batting: RHB Enrique Pérez 0-0: Called Strike
0-1: Foul Ball, location: 2F
0-2: Strikes out swinging
Batting: LHB Ray Sears 0-0: Fly out, F7 (Flyball, 7S)
Top of the 2nd over - 0 run(s), 0 hit(s), 0 error(s), 0 left on base; Detroit 0 - Athletic Club KC 1
BOTTOM OF THE 2ND
Athletic Club KC batting - Pitching for Detroit Renaissance : LHP Todd Hines
Batting: RHB Todd Blake 0-0: Called Strike
0-1: Ball
1-1: Ball
2-1: Foul Ball, location: 2F
2-2: Ball
3-2: DOUBLE (Flyball, 8LD)
Batting: RHB Rick Atkinson 0-0: Called Strike
0-1: Called Strike
0-2: Ball
1-2: Ground out 6-3 (Groundball, 6)
Batting: RHB Allen Williams 0-0: Ball
1-0: Ball
2-0: Called Strike
2-1: Reached on error, E5 (Groundball, 5S)
Todd Blake scores
Batting: SHB Fernando Luna 0-0: Ball
1-0: Ground out 6-3 (Groundball, 6)
Batting: RHB Pil-joong Pak 0-0: Ball
1-0: Ball
2-0: Called Strike
2-1: 2-RUN HOME RUN (Flyball, 9LD), Distance : 342 ft
Batting: SHB Eric Moore 0-0: Ball
1-0: Swinging Strike
1-1: Swinging Strike
1-2: Ball
2-2: Foul Ball, location: 2F
2-2: Ball
3-2: Base on Balls
Batting: RHB David Edwards 0-0: Called Strike
Eric Moore steals 2nd base
0-1: Ball
1-1: Fly out, F5 (Popup, 5D)
Bottom of the 2nd over - 3 run(s), 2 hit(s), 1 error(s), 1 left on base; Detroit 0 - Athletic Club KC 4
TOP OF THE 3RD
Detroit Renaissance batting - Pitching for Athletic Club KC : LHP Bill Oulton
Batting: RHB Lonnie Conrad 0-0: Foul Ball, location: 2F
0-1: Fly out, F7 (Flyball, 7LD)
Batting: SHB Valentín Guzmán 0-0: Swinging Strike
0-1: Ball
1-1: Fly out, F7 (Line Drive, 7D)
Batting: RHB Kyle Bywaters 0-0: DOUBLE (Line Drive, 7LM)
Batting: LHB Yoichibei Sato 0-0: Ball
1-0: Foul Ball, location: 2F
1-1: Fly out, F8 (Flyball, 8RXD)
Top of the 3rd over - 0 run(s), 1 hit(s), 0 error(s), 1 left on base; Detroit 0 - Athletic Club KC 4
BOTTOM OF THE 3RD
Athletic Club KC batting - Pitching for Detroit Renaissance : LHP Todd Hines
Batting: SHB Pedro Vázquez 0-0: Ball
1-0: Foul Ball, location: 2F
1-1: Ball
2-1: Ball
3-1: Swinging Strike
3-2: Strikes out swinging
Batting: RHB Dong-min Cho 0-0: Swinging Strike
0-1: Ball
1-1: Called Strike
1-2: Strikes out swinging
Batting: RHB Todd Blake 0-0: Ball
1-0: Called Strike
1-1: SINGLE (Line Drive, 6MD)
Batting: RHB Rick Atkinson 0-0: Hit by Pitch
Todd Blake to second
Batting: RHB Allen Williams 0-0: Fly out, F8 (Flyball, 8RD)
Bottom of the 3rd over - 0 run(s), 1 hit(s), 0 error(s), 2 left on base; Detroit 0 - Athletic Club KC 4
TOP OF THE 4TH
Detroit Renaissance batting - Pitching for Athletic Club KC : LHP Bill Oulton
Batting: RHB Bernardo Herrera 0-0: Swinging Strike
0-1: Called Strike
0-2: Ball
1-2: Fly out, F9 (Flyball, 9)
Batting: RHB Brent Ryan 0-0: Ball
1-0: Ball
2-0: Foul Ball, location: 2F
2-1: Ball
3-1: Foul Ball, location: 2F
3-2: Foul Ball, location: 2F
3-2: Foul Ball, location: 2F
3-2: Foul Ball, location: 2F
3-2: Base on Balls
Batting: LHB Juan González 0-0: Ball
1-0: Swinging Strike
1-1: Called Strike
1-2: Foul Ball, location: 2F
1-2: Foul Ball, location: 2F
1-2: Strikes out swinging
Batting: RHB Enrique Pérez 0-0: Ball
1-0: Called Strike
1-1: Foul Ball, location: 2F
1-2: SINGLE (Line Drive, 6M)
Brent Ryan to second
Batting: LHB Ray Sears 0-0: Called Strike
0-1: Ball
1-1: Ball
2-1: Ball
3-1: Foul Ball, location: 2F
3-2: Strikes out swinging
Top of the 4th over - 0 run(s), 1 hit(s), 0 error(s), 2 left on base; Detroit 0 - Athletic Club KC 4
BOTTOM OF THE 4TH
Athletic Club KC batting - Pitching for Detroit Renaissance : LHP Todd Hines
Batting: SHB Fernando Luna 0-0: Foul Ball, location: 2F
0-1: Foul Ball, location: 2F
0-2: Foul Ball, location: 2F
0-2: Ball
1-2: Ball
2-2: SINGLE (Line Drive, 56)
Batting: RHB Pil-joong Pak 0-0: Ball
1-0: Ball
2-0: Ball
3-0: Called Strike
3-1: Called Strike
3-2: Strikes out swinging
Batting: SHB Eric Moore 0-0: Swinging Strike
0-1: Ball
1-1: Ball
2-1: Ball
3-1: SINGLE (Line Drive, 8LS)
Fernando Luna to second
Batting: RHB David Edwards 0-0: Ball
1-0: Ball
2-0: Grounds into double play, 2-4-3 (Groundball, 2L)
Bottom of the 4th over - 0 run(s), 2 hit(s), 0 error(s), 1 left on base; Detroit 0 - Athletic Club KC 4
TOP OF THE 5TH
Detroit Renaissance batting - Pitching for Athletic Club KC : LHP Bill Oulton
Batting: RHB Lonnie Conrad 0-0: Called Strike
0-1: Called Strike
0-2: Ball
1-2: Foul Ball, location: 2F
1-2: Ball
2-2: Ball
3-2: Ground out 4-3 (Groundball, 4)
Batting: SHB Valentín Guzmán 0-0: Called Strike
0-1: Called Strike
0-2: Ball
1-2: Strikes out swinging
Batting: RHB Kyle Bywaters 0-0: Ball
1-0: Foul Ball, location: 2F
1-1: Foul Ball, location: 2F
1-2: Ground out 5-3 (Groundball, 56S)
Top of the 5th over - 0 run(s), 0 hit(s), 0 error(s), 0 left on base; Detroit 0 - Athletic Club KC 4
BOTTOM OF THE 5TH
Athletic Club KC batting - Pitching for Detroit Renaissance : LHP Todd Hines
Batting: SHB Pedro Vázquez 0-0: Ball
1-0: Swinging Strike
1-1: SOLO HOME RUN (Flyball, 7LD), Distance : 357 ft
Batting: RHB Dong-min Cho 0-0: Foul Ball, location: 2F
0-1: Swinging Strike
0-2: Fly out, F7 (Line Drive, 78S)
Batting: RHB Todd Blake 0-0: Ball
1-0: Foul Ball, location: 2F
1-1: Ball
2-1: Ball
3-1: Swinging Strike
3-2: Foul Ball, location: 2F
3-2: Foul Ball, location: 2F
3-2: Strikes out swinging
Batting: RHB Rick Atkinson 0-0: Foul Ball, location: 2F
0-1: Called Strike
0-2: Ground out 6-3 (Groundball, 6)
Bottom of the 5th over - 1 run(s), 1 hit(s), 0 error(s), 0 left on base; Detroit 0 - Athletic Club KC 5
TOP OF THE 6TH
Detroit Renaissance batting - Pitching for Athletic Club KC : LHP Bill Oulton
Batting: LHB Yoichibei Sato 0-0: Ball
1-0: Ball
2-0: Ball
3-0: Base on Balls
Batting: RHB Bernardo Herrera 0-0: Called Strike
0-1: Ball
1-1: Fly out, F4 (Popup, 4)
Batting: RHB Brent Ryan 0-0: Called Strike
0-1: Ball
Pickoff Throw by Catcher to First - Error! E2
Yoichibei Sato to second
1-1: Ball
2-1: Foul Ball, location: 2F
2-2: Foul Ball, location: 2F
2-2: Foul Ball, location: 2F
2-2: Ground out 1-3 (Groundball, 15S)
Batting: LHB Juan González 0-0: Ball
1-0: Foul Ball, location: 2F
1-1: Ball
2-1: Swinging Strike
2-2: Strikes out swinging
Top of the 6th over - 0 run(s), 0 hit(s), 1 error(s), 1 left on base; Detroit 0 - Athletic Club KC 5
BOTTOM OF THE 6TH
Athletic Club KC batting - Pitching for Detroit Renaissance : LHP Todd Hines
Pitching: RHP José Juárez
Batting: RHB Allen Williams 0-0: SINGLE (Groundball, 6MD)
Batting: SHB Fernando Luna 0-0: Called Strike
0-1: Called Strike
0-2: SINGLE (Line Drive, 4D)
Allen Williams to second
Runner from 2nd tries for 3rd, SAFE, throw made to third
Batting: RHB Pil-joong Pak 0-0: Ball
1-0: Reached on error, E6 (Groundball, 6)
Allen Williams scores
Fernando Luna to second
Batting: SHB Eric Moore 0-0: Swinging Strike
0-1: Swinging Strike
0-2: Ball
1-2: Foul Ball, location: 2F
1-2: Strikes out swinging
Batting: RHB David Edwards 0-0: Swinging Strike
0-1: Called Strike
0-2: Ball
1-2: Ball
2-2: Foul Ball, location: 2F
2-2: Grounds into double play, 6-4-3 (Groundball, 56)
Bottom of the 6th over - 1 run(s), 2 hit(s), 1 error(s), 1 left on base; Detroit 0 - Athletic Club KC 6
TOP OF THE 7TH
Detroit Renaissance batting - Pitching for Athletic Club KC : LHP Bill Oulton
Batting: RHB Enrique Pérez 0-0: Ball
1-0: Called Strike
1-1: Foul Ball, location: 2F
1-2: Ball
2-2: Ball
3-2: Foul Ball, location: 2F
3-2: Foul Ball, location: 2F
3-2: Fly out, F2 (Popup, 23)
Batting: LHB Ray Sears 0-0: Called Strike
0-1: Ball
1-1: Foul Ball, location: 2F
1-2: Ball
2-2: Hit by Pitch
Pitching: LHP Arnaldo Bodabalho
Batting: RHB Lonnie Conrad 0-0: Fly out, F9 (Line Drive, 9)
Batting: SHB Valentín Guzmán 0-0: Ball
1-0: Foul Ball, location: 2F
1-1: Foul Ball, location: 2F
1-2: Fly out, F9 (Flyball, 9LM)
Top of the 7th over - 0 run(s), 0 hit(s), 0 error(s), 1 left on base; Detroit 0 - Athletic Club KC 6
BOTTOM OF THE 7TH
Athletic Club KC batting - Pitching for Detroit Renaissance : RHP José Juárez
Batting: SHB Pedro Vázquez 0-0: Ball
1-0: Called Strike
1-1: Foul Ball, location: 2F
1-2: Strikes out looking
Batting: RHB Dong-min Cho 0-0: Ground out 5-3 (Groundball, 56S)
Batting: RHB Todd Blake 0-0: Called Strike
0-1: Swinging Strike
0-2: Strikes out looking
Bottom of the 7th over - 0 run(s), 0 hit(s), 0 error(s), 0 left on base; Detroit 0 - Athletic Club KC 6
TOP OF THE 8TH
Detroit Renaissance batting - Pitching for Athletic Club KC : LHP Arnaldo Bodabalho
Batting: RHB Kyle Bywaters 0-0: Ball
1-0: Ball
2-0: Ball
3-0: Called Strike
3-1: SINGLE (Groundball, 6MD)
Batting: LHB Yoichibei Sato 0-0: DOUBLE (Flyball, 78D)
Kyle Bywaters to third
Runner from 3rd tries for Home, SAFE, no throw
Batting: RHB Bernardo Herrera 0-0: Ground out 6-3 (Groundball, 6MS)
Yoichibei Sato to third
Batting: RHB Brent Ryan 0-0: Called Strike
0-1: Ground out 6-3 (Groundball, 6)
Yoichibei Sato scores
Batting: LHB Juan González 0-0: Foul Ball, location: 2F
0-1: Ball
1-1: Ball
2-1: DOUBLE (Flyball, 7LD)
Pinch Runner at 2nd Ed Whitaker:
Batting: RHB Enrique Pérez 0-0: Ball
1-0: Foul Ball, location: 2F
1-1: Ball
2-1: Ball
3-1: Base on Balls
Pitching: RHP Jason Hamilton
Batting: LHB Ray Sears 0-0: Fly out, F7 (Flyball, 7LM)
Top of the 8th over - 2 run(s), 3 hit(s), 0 error(s), 2 left on base; Detroit 2 - Athletic Club KC 6
BOTTOM OF THE 8TH
Athletic Club KC batting - Pitching for Detroit Renaissance : RHP José Juárez
Batting: RHB Rick Atkinson 0-0: Called Strike
0-1: Ball
1-1: Ball
2-1: Called Strike
2-2: SINGLE (Groundball, 34D)
Batting: RHB Allen Williams 0-0: Sac Bunt - play at first, batter OUT! 5-3
Rick Atkinson to second
Batting: SHB Fernando Luna 0-0: Ball
1-0: Foul Ball, location: 2F
1-1: Ball
2-1: Foul Ball, location: 2F
2-2: Strikes out swinging
Batting: RHB Pil-joong Pak 0-0: Foul Ball, location: 2F
0-1: Called Strike
0-2: Ball
1-2: Ball
2-2: Ball
3-2: Base on Balls
Batting: SHB Eric Moore 0-0: Ball
1-0: Called Strike
1-1: Swinging Strike
1-2: Strikes out looking
Bottom of the 8th over - 0 run(s), 1 hit(s), 0 error(s), 2 left on base; Detroit 2 - Athletic Club KC 6
TOP OF THE 9TH
Detroit Renaissance batting - Pitching for Athletic Club KC : RHP Jason Hamilton
Pitching: RHP Jackson Haines
Batting: RHB Lonnie Conrad 0-0: Ball
1-0: Swinging Strike
1-1: Called Strike
1-2: Ball
2-2: SINGLE (Groundball, 4D)
Batting: SHB Valentín Guzmán 0-0: Foul Ball, location: 2F
0-1: Fly out, F8 (Flyball, 89D)
Batting: RHB Kyle Bywaters 0-0: Fielders Choice at 2nd, 5-4 (Groundball, 5L)
Batting: LHB Yoichibei Sato 0-0: Swinging Strike
0-1: Ball
1-1: Called Strike
1-2: Ground out 4-3 (Groundball, 34)
Top of the 9th over - 0 run(s), 1 hit(s), 0 error(s), 1 left on base; Detroit 2 - Athletic Club KC 6
Saturday, May 26th, 2018 - OOTP Baseball 17.12 Build 75